%YAML 1.1
%TAG !u! tag:unity3d.com,2011:
--- !u!1 &3796993829122376806
GameObject:
  m_ObjectHideFlags: 0
  m_CorrespondingSourceObject: {fileID: 0}
  m_PrefabInstance: {fileID: 0}
  m_PrefabAsset: {fileID: 0}
  serializedVersion: 6
  m_Component:
  - component: {fileID: 3796993829122376857}
  - component: {fileID: 3796993829122376856}
  - component: {fileID: 3796993829122376859}
  - component: {fileID: 3796993829122376805}
  - component: {fileID: 2047288944372433767}
  - component: {fileID: 3796993829122376807}
  - component: {fileID: 3796993829122376804}
  - component: {fileID: 8094075329505357788}
  - component: {fileID: 3796993829122376862}
  m_Layer: 3
  m_Name: Character
  m_TagString: Untagged
  m_Icon: {fileID: 0}
  m_NavMeshLayer: 0
  m_StaticEditorFlags: 0
  m_IsActive: 1
--- !u!4 &3796993829122376857
Transform:
  m_ObjectHideFlags: 0
  m_CorrespondingSourceObject: {fileID: 0}
  m_PrefabInstance: {fileID: 0}
  m_PrefabAsset: {fileID: 0}
  m_GameObject: {fileID: 3796993829122376806}
  m_LocalRotation: {x: 0, y: 0, z: 0, w: 1}
  m_LocalPosition: {x: 0.02, y: -3.41, z: 0}
  m_LocalScale: {x: 1, y: 1, z: 1}
  m_ConstrainProportionsScale: 0
  m_Children:
  - {fileID: 3796993830214380263}
  - {fileID: 8950308166300696452}
  m_Father: {fileID: 0}
  m_RootOrder: 0
  m_LocalEulerAnglesHint: {x: 0, y: 0, z: 0}
--- !u!50 &3796993829122376856
Rigidbody2D:
  serializedVersion: 4
  m_ObjectHideFlags: 0
  m_CorrespondingSourceObject: {fileID: 0}
  m_PrefabInstance: {fileID: 0}
  m_PrefabAsset: {fileID: 0}
  m_GameObject: {fileID: 3796993829122376806}
  m_BodyType: 0
  m_Simulated: 1
  m_UseFullKinematicContacts: 0
  m_UseAutoMass: 0
  m_Mass: 1
  m_LinearDrag: 0
  m_AngularDrag: 0.05
  m_GravityScale: 1
  m_Material: {fileID: 0}
  m_Interpolate: 0
  m_SleepingMode: 1
  m_CollisionDetection: 0
  m_Constraints: 4
--- !u!70 &3796993829122376859
CapsuleCollider2D:
  m_ObjectHideFlags: 0
  m_CorrespondingSourceObject: {fileID: 0}
  m_PrefabInstance: {fileID: 0}
  m_PrefabAsset: {fileID: 0}
  m_GameObject: {fileID: 3796993829122376806}
  m_Enabled: 1
  m_Density: 1
  m_Material: {fileID: 6200000, guid: b1a480035c05cfe49a98137383df5913, type: 2}
  m_IsTrigger: 0
  m_UsedByEffector: 0
  m_UsedByComposite: 0
  m_Offset: {x: 0, y: 0}
  m_Size: {x: 0.5, y: 1}
  m_Direction: 0
--- !u!114 &3796993829122376805
MonoBehaviour:
  m_ObjectHideFlags: 0
  m_CorrespondingSourceObject: {fileID: 0}
  m_PrefabInstance: {fileID: 0}
  m_PrefabAsset: {fileID: 0}
  m_GameObject: {fileID: 3796993829122376806}
  m_Enabled: 1
  m_EditorHideFlags: 0
  m_Script: {fileID: 11500000, guid: c23791b5a17d3174d939fdc23fc78c08, type: 3}
  m_Name: 
  m_EditorClassIdentifier: 
  moveEvent:
    m_PersistentCalls:
      m_Calls: []
  attackEvent:
    m_PersistentCalls:
      m_Calls: []
  startMove:
    m_PersistentCalls:
      m_Calls: []
  cancelMove:
    m_PersistentCalls:
      m_Calls: []
  onSwichPreviousChar:
    m_PersistentCalls:
      m_Calls: []
  onSwichNextChar:
    m_PersistentCalls:
      m_Calls: []
  _onHeroDead: {fileID: 11400000, guid: 3ad7f33f58ec1d14cac4b555356defa6, type: 2}
--- !u!114 &2047288944372433767
MonoBehaviour:
  m_ObjectHideFlags: 0
  m_CorrespondingSourceObject: {fileID: 0}
  m_PrefabInstance: {fileID: 0}
  m_PrefabAsset: {fileID: 0}
  m_GameObject: {fileID: 3796993829122376806}
  m_Enabled: 1
  m_EditorHideFlags: 0
  m_Script: {fileID: 11500000, guid: 910da554d5d48cf43a26c03ac0594d2e, type: 3}
  m_Name: 
  m_EditorClassIdentifier: 
  _hp:
    BaseValue: 100
  _heroAnimation: {fileID: 3796993829122376804}
  _collider2D: {fileID: 3796993829122376859}
  _rigidbody: {fileID: 3796993829122376856}
  _onHeroDead: {fileID: 11400000, guid: 3ad7f33f58ec1d14cac4b555356defa6, type: 2}
  isDead: 0
--- !u!114 &3796993829122376807
MonoBehaviour:
  m_ObjectHideFlags: 0
  m_CorrespondingSourceObject: {fileID: 0}
  m_PrefabInstance: {fileID: 0}
  m_PrefabAsset: {fileID: 0}
  m_GameObject: {fileID: 3796993829122376806}
  m_Enabled: 1
  m_EditorHideFlags: 0
  m_Script: {fileID: 11500000, guid: 18f8fcb4327875c40bfa1a3f1eb7a9c2, type: 3}
  m_Name: 
  m_EditorClassIdentifier: 
  _rigidbody: {fileID: 3796993829122376856}
  speed:
    BaseValue: 5
--- !u!114 &3796993829122376804
MonoBehaviour:
  m_ObjectHideFlags: 0
  m_CorrespondingSourceObject: {fileID: 0}
  m_PrefabInstance: {fileID: 0}
  m_PrefabAsset: {fileID: 0}
  m_GameObject: {fileID: 3796993829122376806}
  m_Enabled: 1
  m_EditorHideFlags: 0
  m_Script: {fileID: 11500000, guid: c43b5ef54c46378468a13d8ff28a16de, type: 3}
  m_Name: 
  m_EditorClassIdentifier: 
  character: {fileID: 0}
--- !u!114 &8094075329505357788
MonoBehaviour:
  m_ObjectHideFlags: 0
  m_CorrespondingSourceObject: {fileID: 0}
  m_PrefabInstance: {fileID: 0}
  m_PrefabAsset: {fileID: 0}
  m_GameObject: {fileID: 3796993829122376806}
  m_Enabled: 1
  m_EditorHideFlags: 0
  m_Script: {fileID: 11500000, guid: 2d1b4b37db3660f4abd2fcabe4e574a7, type: 3}
  m_Name: 
  m_EditorClassIdentifier: 
  _currentCharacter: {fileID: 0}
  _damage:
    BaseValue: 5
  _castPos: {fileID: 8950308166300696452}
  _layerMask:
    serializedVersion: 2
    m_Bits: 64
--- !u!114 &3796993829122376862
MonoBehaviour:
  m_ObjectHideFlags: 0
  m_CorrespondingSourceObject: {fileID: 0}
  m_PrefabInstance: {fileID: 0}
  m_PrefabAsset: {fileID: 0}
  m_GameObject: {fileID: 3796993829122376806}
  m_Enabled: 1
  m_EditorHideFlags: 0
  m_Script: {fileID: 11500000, guid: b3f5b7af588adee49bff53844ae5848e, type: 3}
  m_Name: 
  m_EditorClassIdentifier: 
  _listModelConfig: {fileID: 11400000, guid: 7ea37362d3e7d7d42ad6f78dc989728e, type: 2}
  _modelHolder: {fileID: 3796993830214380263}
  _heroAnimationController: {fileID: 3796993829122376804}
  _skillController: {fileID: 8094075329505357788}
--- !u!1 &3796993830214380262
GameObject:
  m_ObjectHideFlags: 0
  m_CorrespondingSourceObject: {fileID: 0}
  m_PrefabInstance: {fileID: 0}
  m_PrefabAsset: {fileID: 0}
  serializedVersion: 6
  m_Component:
  - component: {fileID: 3796993830214380263}
  m_Layer: 0
  m_Name: heroAnchor
  m_TagString: Untagged
  m_Icon: {fileID: 0}
  m_NavMeshLayer: 0
  m_StaticEditorFlags: 0
  m_IsActive: 1
--- !u!4 &3796993830214380263
Transform:
  m_ObjectHideFlags: 0
  m_CorrespondingSourceObject: {fileID: 0}
  m_PrefabInstance: {fileID: 0}
  m_PrefabAsset: {fileID: 0}
  m_GameObject: {fileID: 3796993830214380262}
  m_LocalRotation: {x: 0, y: 0, z: 0, w: 1}
  m_LocalPosition: {x: 0, y: -0.6, z: 0.18510446}
  m_LocalScale: {x: 1, y: 1, z: 1}
  m_ConstrainProportionsScale: 0
  m_Children: []
  m_Father: {fileID: 3796993829122376857}
  m_RootOrder: 0
  m_LocalEulerAnglesHint: {x: 0, y: 0, z: 0}
--- !u!1 &7279394258620402162
GameObject:
  m_ObjectHideFlags: 0
  m_CorrespondingSourceObject: {fileID: 0}
  m_PrefabInstance: {fileID: 0}
  m_PrefabAsset: {fileID: 0}
  serializedVersion: 6
  m_Component:
  - component: {fileID: 8950308166300696452}
  m_Layer: 3
  m_Name: castPos
  m_TagString: Untagged
  m_Icon: {fileID: 0}
  m_NavMeshLayer: 0
  m_StaticEditorFlags: 0
  m_IsActive: 1
--- !u!4 &8950308166300696452
Transform:
  m_ObjectHideFlags: 0
  m_CorrespondingSourceObject: {fileID: 0}
  m_PrefabInstance: {fileID: 0}
  m_PrefabAsset: {fileID: 0}
  m_GameObject: {fileID: 7279394258620402162}
  m_LocalRotation: {x: 0, y: 0, z: 0, w: 1}
  m_LocalPosition: {x: 0.93, y: 0, z: 0}
  m_LocalScale: {x: 1, y: 1, z: 1}
  m_ConstrainProportionsScale: 0
  m_Children: []
  m_Father: {fileID: 3796993829122376857}
  m_RootOrder: 1
  m_LocalEulerAnglesHint: {x: 0, y: 0, z: 0}
